[Event "37th ECCC 2022"]
[Site "Mayrhofen"]
[Date "2022.10.04"]
[Round "2.32"]
[White "Fedorchuk, Sergey A."]
[Black "Lombaers, Peter"]
[Result "1-0"]
[ECO "B31"]
[WhiteElo "2619"]
[BlackElo "2351"]
[Annotator "TA"]
[PlyCount "81"]
[EventDate "2022.10.03"]
[EventType "team-tourn"]
[EventCountry "AUT"]
[SourceTitle "playchess.com"]
[Source "ChessBase"]
[SourceQuality "1"]
[TimeControl "40/5400+30:1800+30"]

1. e4 c5 2. Nf3 Nc6 3. Bb5 g6 4. Bxc6 bxc6 5. O-O Bg7 6. Re1 Qc7 {[%emt 0:00:07] now scores much better than the old 6...Nh6. B31: Sicilian: 2...Nc6 3 Bb5 g6.} 7. c3 d6 8. d4 cxd4 {[%emt 0:00:21] White is slightly better.} 9. cxd4 Nf6 10. Nc3 O-O 11. Bf4 $5 {[%emt 0:00:32][%mdl 4] [#] A promising side line.} Nh5 $146 ({Predecessor:} 11... Bg4 12. h3 Bxf3 13. Qxf3 Nd7 14. Rad1 Rab8 15. e5 dxe5 16. dxe5 Nxe5 17. Qe2 f6 18. Bxe5 fxe5 {1-0 (74) Yakubboev,N (2656)-Aryan,C (2632) Tashkent 2022}) 12. Be3 Bg4 13. Rc1 (13. h3 $5 Bxf3 14. Qxf3 $11) 13... Qb7 14. Na4 f5 15. e5 f4 ({Black should try} 15... Qb5 $11) 16. Bd2 $14 dxe5 17. dxe5 (17. b4 $1 $14) 17... Rad8 $11 18. Qe2 Bxf3 19. gxf3 Rd5 20. Bc3 Rf5 21. Rcd1 Qc8 22. Rxd5 cxd5 23. Qb5 Rg5+ (23... e6 $1 $11 {remains equal.}) 24. Kh1 Qe6 (24... Qh3 $2 25. Qxd5+ e6 26. Qd8+ Bf8 27. Qxg5 $18) (24... e6 $14) 25. Rd1 {[%emt 0:00:35] Really sharp!} (25. Qb7 $1 $16) 25... Qh3 $2 (25... Bxe5 $11 {and Black stays safe.} 26. Qxd5 (26. Rxd5 $2 Qh3 $19) 26... Kf7) 26. Qxd5+ $18 e6 27. Qa8+ Bf8 28. Rg1 {[%emt 0:00:09] Prevents Qg2+.} Rf5 29. Nc5 $1 Rf7 {[%emt 0:00:07] [#]} 30. Nd3 (30. Rg2 $1 $18) 30... Qf5 $16 31. Nb4 Kg7 32. Nc6 $36 {[%emt 0:04:30][%mdl 2048] And now Nd4 would win. Keeping Black busy.} Bc5 33. Nd4 {[%emt 0:00:31] White is more active.} Bxd4 34. Bxd4 Qd3 35. Qe4 ({Don't blunder} 35. Bxa7 $2 Qa6 36. Qb8 Rxa7 $19) (35. Bc3 {feels hotter.} Qf5 36. Qd8 Qh3 37. Qd3) 35... Qxe4 36. fxe4 {[%emt 0:00:09] KRB-KRN} Rd7 (36... f3 $142) 37. Bc5 Rd2 (37... a5 $16 {keeps fighting.}) 38. Bxa7 $18 Rxb2 {[%emt 0:00:08] [#]} 39. Ra1 {[%emt 0:00:05] aiming for a4.} f3 $2 (39... Rb7 {is a better chance.}) 40. Be3 {[%emt 0:00:17] Hoping for a4.} Kf7 41. a4 {[%emt 0:30:14] Weighted Error Value: White=0.15 (very precise) /Black=0.28 (precise)} 1-0

[Event "37th ECCC 2022"]
[Site "Mayrhofen"]
[Date "2022.10.04"]
[Round "2.33"]
[White "Kerigan, Demre"]
[Black "Wagner, Dennis"]
[Result "0-1"]
[ECO "C47"]
[WhiteElo "2355"]
[BlackElo "2570"]
[Annotator "TA"]
[PlyCount "40"]
[EventDate "2022.10.03"]
[EventType "team-tourn"]
[EventCountry "AUT"]
[SourceTitle "playchess.com"]
[Source "ChessBase"]
[SourceQuality "1"]
[TimeControl "40/5400+30:1800+30"]

1. e4 e5 2. Nf3 Nc6 3. Nc3 Nf6 4. g3 Bc5 5. Bg2 d6 6. d3 a5 {[%emt 0:00:04] C26: Vienna Game: 2...Nf6, sidelines .} 7. O-O O-O 8. h3 a4 {[%emt 0:03:52] [#] Black has an edge.} 9. Nd5 $146 ({Predecessor:} 9. a3 Nd4 10. Nxd4 Bxd4 11. Kh2 c6 12. f4 h6 13. Ne2 Ba7 14. Ng1 Re8 15. fxe5 dxe5 {0-1 (54) Chigaev,M (2631)-Yu,Y (2738) Moscow 2019}) 9... Nxd5 10. exd5 Ne7 11. d4 exd4 12. Nxd4 Nf5 13. Nxf5 Bxf5 14. c3 Re8 15. Bf4 $1 Qd7 16. Kh2 (16. g4 $15 Be4 17. Re1) 16... Qb5 $17 {[%emt 0:02:12] [#] White must now prevent ...Bd3. Black is more active.} 17. Qd2 {[%emt 0:01:34][%mdl 8192] White does not recover from this.} (17. b3 $17 {keeps fighting.}) 17... Re2 $19 18. Qd1 (18. c4 $142 Qxc4 19. Qc3) 18... Qxb2 {[%emt 0:06:30] Black is clearly winning.} 19. g4 Bg6 ({Weaker is} 19... Rxf2 20. Rxf2 Bxf2 21. gxf5 $11) 20. Bc1 Qc2 {[%emt 0:06:06] Weighted Error Value: White=0.50/Black=0.10 (very precise)} 0-1

[Event "37th ECCC 2022"]
[Site "Mayrhofen"]
[Date "2022.10.04"]
[Round "2.34"]
[White "Maze, Sebastien"]
[Black "Ondersteijn, Niels"]
[Result "1-0"]
[ECO "B07"]
[WhiteElo "2530"]
[BlackElo "2382"]
[Annotator "TA"]
[PlyCount "117"]
[EventDate "2022.10.03"]
[EventType "team-tourn"]
[EventCountry "AUT"]
[SourceTitle "playchess.com"]
[Source "ChessBase"]
[SourceQuality "1"]
[TimeControl "40/5400+30:1800+30"]

1. e4 d6 2. d4 Nf6 3. Nc3 g6 4. h3 Bg7 5. Be3 a6 6. g4 {[%emt 0:00:47][%cal Bg2g4,Bg4g5][%mdl 32] B07: Pirc Defence: Miscellaneous Systems.} h5 7. g5 Nfd7 {[%emt 0:00:39] [#]} 8. a4 $146 {[%emt 0:04:22] White is slightly better.} ({Predecessor:} 8. Bg2 b5 9. e5 Ra7 10. e6 fxe6 11. Qd3 Nf8 12. Be4 Kf7 13. d5 c5 14. dxc6 {1-0 (45) Bauer,C (2637)-Fressinet,L (2698) Caen 2011}) 8... e6 9. f4 O-O 10. Nf3 (10. Bg2 $14 {is superior.}) 10... Nc6 11. Be2 (11. Bg2 $14) 11... Re8 12. O-O d5 13. e5 ({Of course not} 13. exd5 exd5 14. Nxd5 Nf8 $15) 13... Ne7 14. a5 Nf5 15. Bf2 Bf8 16. Bd3 Nb8 17. Nb1 Bd7 18. Qe2 Nc6 (18... Bb5 $5) 19. c3 Na7 20. b3 Bb5 21. c4 Bc6 22. Rd1 Bb4 (22... Ng7 $14 {feels stronger.}) 23. Bxf5 $16 exf5 24. Be1 Qe7 25. c5 ({But not} 25. Bxb4 Qxb4 26. Nfd2 Nc8 $14) 25... Bb5 26. Qe3 Nc6 27. Bxb4 Nxb4 28. Na3 {[%emt 0:00:45] Inhibits Nc2.} Bd7 29. Qc3 Nc6 30. b4 Nd8 31. e6 ({Better is} 31. Nb1 $14) 31... Nxe6 $11 32. Re1 f6 33. gxf6 Qxf6 34. Qd2 Re7 35. Re5 Rae8 36. Kh2 Nd8 37. Rg1 Nc6 38. Nc2 Rg7 39. Ne3 Nxe5 (39... Be6 $11) 40. dxe5 $16 Qe6 {[%emt 0:02:58] [#]} (40... Qd8 $1 $14) 41. Ng5 $1 $18 Qc6 42. Nxd5 {[%emt 0:00:32] aiming for Nf6+. Pair of Knights!} Kh8 43. Nf6 {[%emt 0:02:54][%mdl 1024] White has strong compensation.} Rf8 {[%emt 0:01:57] [#]} 44. Qd4 {[%emt 0:00:32] White is much more active.} (44. Qc3 $142 $1 {[%cal Oe5e6] e6! is the strong threat.} Be6 45. Nf3) 44... Be6 $16 45. Rd1 ({White should play} 45. Qc3 $16) 45... Re7 (45... Qa4 $1 $11 {keeps the balance.}) 46. Qc3 ({White should try} 46. Rd2 $16) 46... b6 $2 (46... Qa4 $11 47. Rg1 Qb3) 47. axb6 $18 cxb6 48. Rd6 {[%emt 0:00:30][%mdl 64] Skewer} Qa4 49. Qd2 Qa2 50. Qxa2 Bxa2 51. Nd7 Rxd7 (51... Rd8) 52. Rxd7 {[%emt 0:00:02] c6 would kill now.} bxc5 53. bxc5 {[%emt 0:00:01][%mdl 4096] Endgame Threatening mate with c6. KRB-KRN} Bc4 54. c6 {[%emt 0:03:21] White mates.} Bb5 55. Nh7 Bxc6 56. Nxf8 Bxd7 57. Nxd7 h4 58. Nc5 a5 59. Kg2 {[%emt 0:00:09] Weighted Error Value: White=0.20 (precise) /Black=0.45} 1-0

[Event "37th ECCC 2022"]
[Site "Mayrhofen"]
[Date "2022.10.04"]
[Round "2.35"]
[White "Okkes, Menno"]
[Black "Libiszewski, Fabien"]
[Result "0-1"]
[ECO "E94"]
[WhiteElo "2328"]
[BlackElo "2512"]
[Annotator "TA"]
[PlyCount "104"]
[EventDate "2022.10.03"]
[EventType "team-tourn"]
[EventCountry "AUT"]
[SourceTitle "playchess.com"]
[Source "ChessBase"]
[SourceQuality "1"]
[TimeControl "40/5400+30:1800+30"]

1. Nf3 Nf6 2. c4 g6 3. Nc3 Bg7 4. e4 d6 5. d4 O-O 6. Be2 e5 7. O-O Bg4 8. Be3 {[%emt 0:01:36] E94: King's Indian: Classical: 6 Be2 e5 7 0-0: Various Black 7th moves.} (8. d5 $14 {should be considered.}) 8... Bxf3 $11 9. Bxf3 (9. gxf3 Nh5 $15) 9... exd4 $1 10. Bxd4 {[%emt 0:01:48] The position is equal.} Nc6 11. Be3 Re8 12. Qc2 Nd7 13. Rad1 Bxc3 14. Qxc3 Qf6 15. Qc1 Nc5 {[%emt 0:03:59] [#]} 16. Bg5 $146 ({Predecessor:} 16. Qb1 Qe6 17. Rfe1 Qxc4 18. b3 Qc3 19. Bd2 Qf6 20. Bc1 h5 21. Bb2 Ne5 22. Be2 {0-1 (39) Wojtaszek,R (2705)-Caruana,F (2823) Wijk aan Zee 2021}) 16... Qe6 17. Rfe1 Ne5 18. Be2 Nxe4 19. Be3 a5 20. f3 Nc5 21. Bf1 (21. f4 $15 Nc6 22. Bf3) 21... Qf5 22. Qc3 {[%emt 0:02:30] Prevents Ned3.} b6 23. b3 Re7 24. a3 Rae8 25. b4 axb4 26. axb4 Ne6 27. Bc1 h5 28. Bb2 h4 29. Re3 Qg5 30. Kh1 f5 31. Rde1 (31. Rxe5 dxe5 32. Qxe5 Ng7 33. Qd5+ Kh7 $17) 31... Kh7 32. Qc2 ({White should try} 32. Bc1 $15 Qf6 33. c5) 32... Nf4 {[%emt 0:02:42][%cal Oe5d3] Threatens to win with ...Ned3!} 33. c5 Nd5 34. Rb3 h3 (34... f4 $17 35. cxd6 cxd6) 35. cxd6 cxd6 36. Bc1 (36. g3 $11 {remains equal.} f4 37. Qf2) 36... hxg2+ 37. Bxg2 $2 (37. Qxg2 $15 Qxg2+ 38. Kxg2) 37... Qh4 $19 38. Rg1 Nf4 {[%emt 0:01:47] Black is much more active.} (38... Nxb4 $6 39. Qd2 Nbd3 40. Rxd3 Nxd3 41. Qxd3 $14) (38... f4 $17 {And now ...Rc7 would win.} 39. Qd1 Nf6) 39. Bf1 $1 $15 Ne6 {[%emt 0:02:40] [#] ...Nd4 is the strong threat. Pair of Knights!} 40. Qd1 Qd4 $40 {[%emt 0:04:59][%mdl 128] Black is up to no good.} 41. Qc2 (41. Qe1 $15) 41... Rc7 $19 42. Qb1 Rec8 ({Stronger than} 42... Qf2 43. Be3 Qxf3+ 44. Bg2 $17) 43. Be3 Qh4 {[%emt 0:00:39] aiming for ...Nd4.} 44. Bg2 (44. Be2 {might work better.}) 44... Nd4 ({Weaker is} 44... Rc2 45. Qe1 Qxe1 46. Rxe1 $17) 45. Bxd4 Qxd4 46. Qb2 Qf4 47. Qf2 Rc1 {[%emt 0:07:29] Strongly threatening ...R8c2.} ({Not} 47... Rc2 $2 48. Qg3 R8c4 49. Rf1 $19) 48. Rb1 (48. Bf1 $142) 48... Nd3 49. Qxb6 {[%emt 0:02:40] [#]} (49. Qe2 $19 Rxb1 50. Rxb1 Nxb4 51. Rd1) 49... Rxb1 {[%emt 0:00:30] Black mates.} 50. Rxb1 Rc1+ 51. Rxc1 Qxc1+ 52. Qg1 Nf2# {Weighted Error Value: White=0.37/Black=0.15 (very precise)} 0-1

[Event "37th ECCC 2022"]
[Site "Mayrhofen"]
[Date "2022.10.04"]
[Round "2.36"]
[White "Tarlev, Konstantin"]
[Black "Rademakers, Evert"]
[Result "1-0"]
[ECO "B06"]
[WhiteElo "2577"]
[BlackElo "2272"]
[Annotator "TA"]
[PlyCount "51"]
[EventDate "2022.10.03"]
[EventType "team-tourn"]
[EventCountry "AUT"]
[SourceTitle "playchess.com"]
[Source "ChessBase"]
[SourceQuality "1"]
[TimeControl "40/5400+30:1800+30"]

1. d4 g6 2. e4 Bg7 3. c4 d6 4. Nc3 e5 5. d5 a5 6. Bd3 Na6 {[%emt 0:00:35] A42: Modern Defence: Averbakh Variation.} 7. Nge2 Qh4 8. O-O Nf6 {[%emt 0:00:23] White has an edge.} 9. f3 Bh6 10. a3 O-O 11. b4 {[%emt 0:07:54] [#]} Bxc1 $146 ({Predecessor:} 11... axb4 12. axb4 Bxc1 13. Qxc1 Bd7 14. Rb1 Nh5 15. c5 dxc5 16. Bxa6 Rxa6 17. bxc5 Qe7 {0-1 (37) Bolognese,L (2104)-Lagumina,G (2199) Montesilvano 2021}) 12. Qxc1 Nh5 (12... Bd7 $11) 13. c5 axb4 14. axb4 Nxb4 {[%emt 0:00:13] This costs Black the game.} (14... Bd7 $14) 15. Rxa8 $18 Nxd3 {[%emt 0:00:06] [#]} 16. Qh6 {[%emt 0:00:58] Threatens to win with g4.} Qe7 17. c6 {[%emt 0:03:52] Chess con chili.} bxc6 $2 (17... Nf6 18. Rb1 Nc5) 18. Rb1 {[%emt 0:04:47] Black must now prevent Rbb8.} c5 (18... Qd7 $142 19. Rbb8 Re8 20. dxc6 Qxc6) 19. Rbb8 Qd7 20. Nb5 Nhf4 21. Nxf4 exf4 22. h4 {[%emt 0:01:53] Threatening mate with Na7.} c4 23. Na7 {[%emt 0:01:40] White mates.} c3 24. Rxc8 {[%emt 0:00:21][%mdl 64] [#] Back Rank} Rxc8 25. Nxc8 c2 26. Ne7# {[%emt 0:00:03] Weighted Error Value: White=0.10 (very precise) /Black=0.69} 1-0

[Event "37th ECCC 2022"]
[Site "Mayrhofen"]
[Date "2022.10.04"]
[Round "2.37"]
[White "Carlsen, Magnus"]
[Black "Naumann, Alexander"]
[Result "1-0"]
[ECO "C45"]
[WhiteElo "2856"]
[BlackElo "2513"]
[Annotator "TA"]
[PlyCount "59"]
[EventDate "2022.10.03"]
[EventType "team-tourn"]
[EventCountry "AUT"]
[SourceTitle "playchess.com"]
[Source "ChessBase"]
[SourceQuality "1"]
[TimeControl "40/5400+30:1800+30"]

1. e4 e5 2. Nf3 Nc6 3. d4 exd4 4. Nxd4 Nf6 5. Nxc6 bxc6 6. e5 Qe7 7. Qe2 Nd5 8. Nd2 (8. c4 $5 Nb6 9. b3 $11) 8... Nf4 {[%emt 0:06:19] C45: Scotch Game.} 9. Qe3 Nd5 10. Qe4 f6 {[%emt 0:17:11] [#] The position is equal.} 11. c4 $146 ({Predecessor:} 11. exf6 Nxf6 12. Qxe7+ Bxe7 13. Bd3 O-O 14. O-O d5 15. Nb3 Bd6 16. h3 Nd7 17. Bd2 {½-½ (34) Fier,A (2595)-Gupta,A (2630) Cappelle la Grande 2014}) 11... Nb4 {[%emt 0:17:42] Hoping for ...d5.} 12. Kd1 $1 (12. a3 $2 d5 13. cxd5 cxd5 $17) 12... Qxe5 13. a3 Qxe4 14. Nxe4 Na6 15. b4 {[%emt 0:00:07][%cal Bb2b4,Bb4b5][%mdl 32] Inhibits Nc5.} c5 (15... Nb8 $15) 16. b5 $11 Bb7 17. Bd3 Nb8 (17... f5 $2 18. Ng5 $18) 18. Re1 $36 {[%emt 0:01:05][%csl LRc5,LRf6][%mdl 2048] White wants to mate with Nd6+. White is pushing.} Kf7 19. Nc3 Bd6 {[%emt 0:06:24] Inhibits Bf4.} 20. f4 {[%emt 0:01:08] Inhibits Be5.} (20. Ne4 $5 Bf8 21. Nc3 $11) 20... Bxg2 21. Kc2 g6 22. Bb2 Bxf4 {[%emt 0:06:33] [#]} (22... f5 $11) 23. Re2 $1 $16 ({But not} 23. Ne4 $6 d5 24. Nxf6 (24. Nxc5 Bd6 $17) 24... d4 $14) 23... Bb7 {[%emt 0:01:51] [#] ...d6 is the strong threat.} 24. Rf1 $1 g5 25. h4 {[%emt 0:01:12][%cal Bh2h4,Bh4g5][%mdl 32] aiming for hxg5. White is more active.} d6 $2 {[%emt 0:11:22] A mistake that costs the game.} (25... h6 $16) 26. hxg5 $18 Be5 (26... Bxg5 $2 27. Rfe1 Nc6 28. bxc6 Bxc6 29. Re7+ Kf8 30. Rxc7 $18) (26... fxg5 $142 27. Bc1 Nd7) 27. Ne4 (27. Nd5 $142 Nd7 28. Nxf6 Nxf6 29. Bxe5 (29. gxf6 Rae8 $17) 29... dxe5 30. Rxe5 (30. gxf6 Rae8 $11)) 27... Nd7 (27... Bxb2 {is more resistant.} 28. Kxb2 Nd7) 28. Nxf6 {[%emt 0:00:34][%mdl 64] Discovered Attack, Remove Defender, Overworked Piece. White is clearly winning.} Nxf6 29. Bxe5 (29. gxf6 Rae8 30. Bxe5 Rxe5 31. Rxe5 dxe5 $17) 29... dxe5 30. Rxe5 {[%emt 0:00:11] Weighted Error Value: White=0.20 (precise) /Black=0.55} ({Stronger than} 30. gxf6 Rae8 31. Bf5 Rhg8 $11) 1-0

[Event "37th ECCC 2022"]
[Site "Mayrhofen"]
[Date "2022.10.04"]
[Round "2.38"]
[White "Roseneck, Jonas"]
[Black "Tari, Aryan"]
[Result "0-1"]
[ECO "D35"]
[WhiteElo "2414"]
[BlackElo "2656"]
[Annotator "TA"]
[PlyCount "86"]
[EventDate "2022.10.03"]
[EventType "team-tourn"]
[EventCountry "AUT"]
[SourceTitle "playchess.com"]
[Source "ChessBase"]
[SourceQuality "1"]
[TimeControl "40/5400+30:1800+30"]

1. d4 Nf6 2. c4 e6 3. Nf3 d5 4. Nc3 Nbd7 5. cxd5 exd5 6. Bf4 Bb4 7. e3 Ne4 {[%emt 0:01:29] 7...c5 is not played anymore. D35: Queen's Gambit Declined: Exchange Variation.} 8. Qc2 g5 9. Be5 Nxe5 {[%emt 0:04:35] The position is equal.} 10. Nxe5 {[%emt 0:05:41] Strongly threatening Qa4+.} c6 11. Bd3 f6 12. Nf3 Qe7 {[%emt 0:03:14] [#]} 13. O-O $146 ({Predecessor:} 13. a3 Bxc3+ 14. bxc3 Bf5 15. Nd2 h5 16. a4 Kf7 17. Rb1 b6 18. O-O h4 19. Nxe4 Bxe4 {½-½ (42) Van Bommel,T (1841)-Kolanek,R (1916) LSS email 2014}) 13... Bf5 14. Ne1 Bxc3 (14... Bg6 $15) 15. bxc3 $11 Qe6 16. c4 $1 Nd6 17. cxd5 Qxd5 18. Bxf5 Qxf5 19. Qa4 h5 20. d5 ({White should play} 20. Qa3 $14 Qd5 21. Nd3) 20... Qxd5 21. Rd1 Qc4 22. Qa5 b6 23. Qd2 (23. Qa3 $11 Nb5 24. Qb2) 23... O-O-O $17 {[%emt 0:02:34] aiming for ...Ne4. Black converts the advantage convincingly.} 24. Rc1 {[%emt 0:01:10] [#]} Qa4 {[%emt 0:00:17] Black is much more active.} 25. Nf3 Kb7 (25... c5 $19 26. Qb2 g4) 26. Nd4 {[%emt 0:00:41] [#]} (26. Qb2 $17 Ne4 27. Nd4) 26... Nf5 $1 27. Qc3 (27. Rfd1 c5) 27... Nxd4 28. exd4 Rxd4 29. Rfe1 Rhd8 30. Qf3 R4d6 31. h3 R8d7 ({Worse is} 31... Qxa2 32. Re7+ Kb8 33. Rxc6 $17) 32. Qxh5 Qxa2 33. Qh8 Qb2 34. Rb1 Qc2 35. Ra1 {[%emt 0:00:10][%cal Oa1a7] White threatens Rxa7+! and mate.} b5 36. Re8 $2 (36. Qe8 Qf5 37. Qe3) 36... Rd1+ $19 {[%emt 0:00:37] Black is clearly winning.} 37. Rxd1 Qxd1+ {[%emt 0:01:27][%mdl 4096] Endgame KQR-KQR} 38. Kh2 Qd6+ 39. g3 b4 40. Rf8 Qd4 41. Kg1 Qe5 {[%emt 0:05:37] Inhibits Rb8+. White must now prevent ...Rd1+.} 42. Ra8 Rd1+ 43. Kh2 Rd2 {[%emt 0:00:36] Weighted Error Value: White=0.69/Black=0.17 (very precise)} 0-1

[Event "37th ECCC 2022"]
[Site "Mayrhofen"]
[Date "2022.10.04"]
[Round "2.39"]
[White "Hansen, Eric"]
[Black "Halvax, Georg"]
[Result "1-0"]
[ECO "B31"]
[WhiteElo "2613"]
[BlackElo "2432"]
[Annotator "TA"]
[PlyCount "131"]
[EventDate "2022.10.03"]
[EventType "team-tourn"]
[EventCountry "AUT"]
[SourceTitle "playchess.com"]
[Source "ChessBase"]
[SourceQuality "1"]
[TimeControl "40/5400+30:1800+30"]

1. e4 c5 2. Nf3 Nc6 3. Bb5 g6 4. O-O Bg7 5. c3 Nf6 6. Re1 O-O 7. d4 d5 {[%emt 0:00:20] is currently scoring better than 7...cxd4.} 8. exd5 Qxd5 9. dxc5 {[%emt 0:00:49] B31: Sicilian: 2...Nc6 3 Bb5 g6.} Qxc5 10. Na3 Bg4 (10... Rd8 $5 11. Be3 Qh5 $11) 11. h3 {[%emt 0:01:39] Strongly threatening Bxc6. The position is equal.} Rad8 12. Qe2 Bxf3 13. Qxf3 Nd5 {[%emt 0:01:20] [#]} 14. Re4 $146 ({Predecessor:} 14. Bf1 Nxc3 15. bxc3 Bxc3 16. Nc2 Bxe1 17. Nxe1 Qe5 18. Nc2 Nb4 19. Bf4 Qf6 20. Rc1 Nxa2 {1-0 (32) Jakubowski,T (2220)-Bystrov,S (2320) Polanica Zdroj 1998}) 14... e5 15. Rc4 Qd6 16. Bg5 Nce7 {[%emt 0:07:16] aiming for ...a6.} 17. Ba4 (17. Rd1 $5 ) 17... a6 {[%emt 0:30:15] Threatens to win with ...b5.} 18. Bb3 h6 19. Bxe7 Qxe7 20. Rd1 Nf4 21. Re4 (21. Rxd8 $15 {was preferrable.} Rxd8 22. Re4) 21... Rxd1+ $17 22. Qxd1 Kh7 23. Qf3 Qc7 24. h4 f5 25. Rc4 Qd7 26. Bc2 (26. Nc2 $17 {might work better.}) 26... Ne6 (26... b5 $19 {is more deadly.} 27. Rc5 Rd8) 27. h5 e4 28. Qd1 Qxd1+ 29. Bxd1 Rd8 $1 30. Bb3 (30. Bc2 $142) 30... gxh5 31. Nc2 $2 (31. Kf1 $17 {was necessary.}) 31... Rd1+ $19 32. Kh2 Rd2 {[%emt 0:00:12] Against Nd4} (32... Be5+ $142 33. g3 h4) 33. Ne3 Rxf2 34. Kg1 Rxb2 {[%emt 0:01:02] And now ...Kg6 would win.} 35. Nxf5 Bf6 $1 36. Rb4 Bxc3 37. Rb6 (37. Rxe4 $17 Nc5 38. Re3 Nxb3 39. Rxc3) 37... Bd4+ $2 {[%emt 0:02:34] White stays focused until the end.} (37... Rb1+ $1 $14 38. Kf2 Rb2+ 39. Kg1 Rb1+ 40. Kh2 Be5+ 41. g3 Rb2+ 42. Kh1 Kg6 43. Nxh6 (43. Ne7+ Kf7 $11) 43... Bxg3 44. Rxe6+ Kg5) 38. Nxd4 $18 Nxd4 {[%emt 0:00:02] [#]} 39. Bg8+ $1 {[%emt 0:00:39][%mdl 576] Discovered Attack} Kxg8 40. Rxb2 {[%emt 0:00:06][%mdl 4096] Endgame KR-KN} b5 (40... Nb5 41. a4 Nc3 42. Rxb7 Nxa4) 41. Rd2 ({Weaker is} 41. Rb4 Ne2+ 42. Kf2 Nc3 $16) 41... Nf5 42. Rd5 Ne3 43. Rd6 a5 44. Rb6 b4 {[%emt 0:00:36] [#]} 45. Rb5 $1 ({Less strong is} 45. Rxh6 a4 $16) 45... Nd1 46. Rxa5 e3 $2 (46... Nc3 47. Ra7 h4) 47. Kf1 {[%emt 0:00:00] Hoping for Ke2.} Nc3 48. Ra7 h4 49. Ke1 Kh8 50. Kf1 Kg8 51. a3 bxa3 52. Rxa3 Nd5 53. Ra4 e2+ 54. Kf2 {[%emt 0:00:15] White threatens Rd4 and mate.} Ne3 55. Re4 (55. Kxe2 $142 Nd5 56. Rxh4 Kg7 57. Kf3 Kg6 58. Ra4 Nf6 59. Ra6 Kg7 60. Ra5) 55... Nf5 56. Rf4 Ne7 57. Rxh4 Kg7 58. Kxe2 Kg6 59. Kf3 h5 60. Ra4 Kh6 61. Ra5 Ng6 62. Ke4 Ne7 63. Rb5 Ng6 64. Rf5 (64. Rd5 $142 h4 65. Rb5) 64... Nh4 65. Rf1 {[%emt 0:00:31] Black must now prevent g3.} Nxg2 {[%emt 0:00:25] [#]} (65... Ng6 $18 66. Rf6 Kg5) 66. Rh1 $1 {[%emt 0:00:12] Weighted Error Value: White=0.35/Black=0.49} 1-0

[Event "37th ECCC 2022"]
[Site "Mayrhofen"]
[Date "2022.10.04"]
[Round "2.40"]
[White "Michalczak, Thomas"]
[Black "Christiansen, Johan-Sebastian"]
[Result "0-1"]
[ECO "C11"]
[WhiteElo "2254"]
[BlackElo "2576"]
[Annotator "TA"]
[PlyCount "42"]
[EventDate "2022.10.03"]
[EventType "team-tourn"]
[EventCountry "AUT"]
[SourceTitle "playchess.com"]
[Source "ChessBase"]
[SourceQuality "1"]
[TimeControl "40/5400+30:1800+30"]

1. e4 e6 2. d4 d5 3. Nc3 Nf6 4. e5 Nfd7 5. f4 c5 6. Nf3 Nc6 7. Be3 Be7 8. a3 {[%emt 0:00:09] C11: French: Classical System: 4 e5 and 4 Bg5 dxe4.} O-O 9. dxc5 Nxc5 10. b4 {[%emt 0:00:56] The position is equal.} Nd7 11. Bd3 a6 {[%emt 0:05:01] [#]} 12. h4 $146 {[%emt 0:05:48][%cal Od3h7] [#] aiming for Bxh7+!} ({Predecessor:} 12. O-O f6 13. Nd4 Ndb8 14. Qh5 f5 15. Nce2 Nxd4 16. Nxd4 Nc6 17. g4 Nxd4 18. Bxd4 {1-0 (34) Eljanov,P (2720)-David,A (2569) Antalya 2017}) 12... f5 13. g4 (13. Ne2 $11) 13... d4 (13... Ndxe5 $5 14. Nxe5 d4 15. Nxc6 bxc6 $15) 14. gxf5 $2 {[%emt 0:15:01] White does not recover from this.} (14. Nxd4 $15 Ndxe5 15. fxe5 Nxd4 16. O-O) 14... dxe3 $19 15. Ng5 {[%emt 0:14:23] [#]} Ndxe5 $1 16. fxe5 Nxe5 {[%emt 0:06:45] The board is on fire.} 17. Qh5 $2 (17. fxe6 Bxg5 18. hxg5 Nf3+ 19. Ke2 Nxg5 20. Be4 Bxe6 21. Qxd8 Raxd8 22. Rag1 Nxe4 23. Nxe4) 17... Nxd3+ {[%emt 0:01:01] Black is clearly winning.} 18. cxd3 h6 19. Qg6 Bxg5 20. hxg5 Qxd3 {[%emt 0:00:34] ( -> ...Qd2+)} 21. Ne4 {[%emt 0:00:11] Against Qd2+} Qxe4 {[%emt 0:01:12] Weighted Error Value: White=1.33/Black=0.07 (flawless)} 0-1